 Dungeon Crawl Stone Soup version 0.22-b1-21-g5cfc1688f2 (webtiles) character file.

58 Ramireus the Conjurer (level 4, -5/27 HPs)
             Began as an Octopode Conjurer on Aug 6, 2018.
             Killed from afar by Natasha (9 damage)
             ... with a magic dart
             ... on level 2 of the Dungeon.
             The game lasted 00:06:49 (1465 turns).

Ramireus the Conjurer (Octopode Conjurer)           Turns: 1465, Time: 00:06:50

Health: -5/27      AC:  1    Str:  7    XL:     4   Next: 2%
Magic:  0/7        EV: 13    Int: 18    God:
Gold:   31         SH:  0    Dex: 12    Spells: 4/7 levels left

rFire    . . .     SeeInvis .   (no weapon)
rCold    . . .     Gourm    .   (no shield)
rNeg     . . .     Faith    .   (helmet restricted)
rPois    +         Spirit   .   (no amulet)
rElec    .         Reflect  .   d - ring of poison resistance
rCorr    .         Harm     .   (no ring)
MR       .....                  (no ring)
Stlth    +++.......             (no ring)
HPRegen  0.09/turn              (no ring)
MPRegen  0.10/turn              (no ring)
                                (no ring)
                                (no ring)

@: no status effects
A: almost no armour, stealthy swim, amphibious, 8 rings, constrict 8, camouflage
1, gelatinous body 1
a: no special abilities


You were on level 2 of the Dungeon.
You were not hungry.

You visited 1 branch of the dungeon, and saw 2 of its levels.

You collected 31 gold pieces.

Inventory:

Jewellery
 d - a ring of poison resistance (left tentacle)
Scrolls
 c - a scroll of magic mapping {unknown}
 f - a scroll of remove curse {unknown}
Potions
 a - 3 potions of heal wounds {unknown}
 e - a potion of resistance {unknown}
 g - a potion of invisibility {unknown}
Comestibles
 b - 5 rations
 h - 3 chunks of flesh


   Skills:
 + Level 2.2 Dodging
 + Level 3.0 Stealth
 + Level 2.3 Spellcasting
 + Level 5.0 Conjurations


You had 4 spell levels left.
You knew the following spells:

 Your Spells              Type           Power        Failure   Level  Hunger
a - Magic Dart            Conj           ###.         2%          1    #......
b - Searing Ray           Conj           ###...       3%          2    ##.....

Your spell library contained the following spells:

 Spells                   Type           Power        Failure   Level  Hunger
 Iskenderun's Mystic Bla  Conj           ###.....     22%         4    #####..
 Fulminant Prism          Conj/Hex       ##........   52%         4    #####..
 Dazzling Spray           Conj/Hex       ##....       19%         3    ###....
 Force Lance              Conj/Tloc      ##......     52%         4    #####..


Dungeon Overview and Level Annotations

Branches:
Dungeon (2/15)

Altars:

Annotations:
D:2 Natasha


Innate Abilities, Weirdness & Mutations

You cannot wear most types of armour.
You are very stealthy in the water. (Stealth+)
You are amphibious.
You can wear up to eight rings at the same time.
You can use your tentacles to constrict eight enemies at once.
Your skin changes colour to match your surroundings (Stealth+).
Your rubbery body absorbs attacks. (AC +1, EV +1)


Message History

(Press . to maintain the ray.) Natasha claws you!
You tentacle-slap Natasha. Your grab misses Natasha.
Your squeeze misses Natasha.
Natasha is moderately wounded.
Natasha claws you.
Natasha extends her claws.
Natasha stares at you and mumbles some strange words.
The magic dart hits you!
* * * LOW HITPOINT WARNING * * *
Casting: Searing Ray (safe; 3% risk of failure)
Confirm with . or Enter, or press ? or * to list all spells.
Aiming: Magic Dart (safe; 2% risk of failure)
Press: ? - help, Shift-Dir - straight line, f/p - Natasha
Aim: Natasha (moderately wounded)
The magic dart hits Natasha.
Natasha is heavily wounded.
Natasha casts a spell at you. The magic dart hits you!
You die...

######### #....h@.# ###
#.#...#†# #....#
#.#...#.######....#####
#.#...+.(..............
#.....#...#.##..##....##...
#?....###.#..<..##....##...
#...............##....##...
#.....###.###...##....##...
#.....##.........'....'....


You could see Natasha.

Vanquished Creatures
  Natasha (D:2)
  2 oozes (D:1)
  A dart slug (D:2)
  2 goblins (D:1)
  2 hobgoblins (D:1)
  3 jackals (D:2)
  3 kobolds
  A quokka (D:2)
  3 bats (D:1)
  A frilled lizard (D:1)
  4 rats
23 creatures vanquished.

Notes
Turn   | Place    | Note
-------+----------+-------------------------------------------
     0 | D:1      | Ramireus the Octopode Conjurer began the quest for the Orb.
     0 | D:1      | Reached XP level 1. HP: 11/11 MP: 3/3
   316 | D:1      | Reached XP level 2. HP: 17/17 MP: 0/5
   863 | D:1      | Learned a level 2 spell: Searing Ray
  1149 | D:2      | Reached XP level 3. HP: 21/21 MP: 4/6
  1441 | D:2      | Noticed Natasha
  1446 | D:2      | Killed Natasha
  1446 | D:2      | Reached skill level 5 in Conjurations
  1446 | D:2      | Reached XP level 4. HP: 27/27 MP: 2/7
  1455 | D:2      | Noticed Natasha
  1465 | D:2      | Killed from afar by Natasha

Skill      XL: |  1  2  3 |
---------------+----------+-----
Stealth        | 3 |  3.0
Conjurations   | 5 |  5.0
Dodging        | |  2.2
Spellcasting   | |  2.3

Action                   |  1- 3 |  4- 6 || total
-------------------------+-------+-------++-------
Melee: Unarmed           |       |     1 ||     1
 Cast: Magic Dart        |    50 |     1 ||    51
       Searing Ray       |     2 |     1 ||     3
  Eat: Chunk             |     2 |       ||     2
Dodge: Dodged            |     5 |       ||     5
